 Dungeon Crawl Stone Soup version 0.30-a0-339-g89bb51ec76 (webtiles) character file.

Game seed: 13777973250250583207

10458 Muataran the Severer (level 11, -5/101 HPs)
             Began as a Hill Orc Monk on Nov 1, 2022.
             Was an Elder of Beogh.
             Slain by a freezing wraith (20 damage)
             ... in an ice cave.
             The game lasted 00:34:03 (13088 turns).

Muataran the Severer (Hill Orc Monk)               Turns: 13088, Time: 00:34:03

Health: -5/101     AC: 19    Str: 25    XL:     11   Next: 62%
Magic:  8/18       EV: 11    Int: 10    God:    Beogh [****..]
Gold:   808        SH:  5    Dex: 13    Spells: 10/10 levels left

rFire   . . .      SeeInvis .    a - +2 broad axe (elec)
rCold   . . .      Faith    .    (no shield)
rNeg    + . .      Spirit   .    k - +6 ring mail "Ymamul" {+Inv rN+}
rPois   .          Reflect  +    (no helmet)
rElec   .          Harm     .    J - +1 cloak
rCorr   .          Rampage  .    q - +3 pair of gauntlets of War {Slay+5}
Will    .....                    (no boots)
Stlth   +.........               o - amulet of reflection
HPRegen 0.36/turn                E - +6 ring of strength
MPRegen 0.16/turn                (no ring)

@: slowed, studying Dodging, very slow
A: no striking features
a: Renounce Religion, Evoke Invisibility, Smiting, Recall Orcish Followers


You were in an ice cave.
You worshipped Beogh.
Beogh was greatly pleased with you.
You visited 2 branches of the dungeon, and saw 12 of its levels.
You also visited: Ice Cave.

You collected 808 gold pieces.

Inventory:

Hand Weapons
 a - a +2 broad axe of electrocution (weapon)
 s - a +2 trident of flaming
 H - a +2 spear of flaming
 I - a +0 halberd
Armour
 k - the +6 ring mail "Ymamul" (worn) {+Inv rN+}
   (You found it on level 2 of the Dungeon)

   rN:        It protects you from negative energy.
   +Inv:      It lets you turn invisible.
 q - the +3 pair of gauntlets of War (worn) {Slay+5}
   (You acquired it on level 1 of the Lair of Beasts)

   Slay:      It affects your accuracy & damage with ranged weapons and melee
   (+5).
 J - a +1 cloak (worn)
Jewellery
 o - an amulet of reflection (around neck)
 E - a +6 ring of strength (left hand)
Wands
 j - a wand of paralysis (19)
 p - a wand of roots (8)
 t - a wand of flame (11)
 K - a wand of acid (1)
Scrolls
 b - 12 scrolls of identify
 e - 2 scrolls of fog
 g - 3 scrolls of fear
 v - a scroll of enchant armour
 y - 2 scrolls of teleportation
 B - 7 scrolls of magic mapping
 C - a scroll of brand weapon
 D - a scroll of torment {unknown}
Potions
 c - a potion of ambrosia
 d - 2 potions of degeneration {unknown}
 f - 5 potions of attraction {unknown}
 h - 4 potions of lignification
 l - 2 potions of magic {unknown}
 n - 2 potions of might {unknown}
 r - 7 potions of heal wounds {unknown}
 w - 2 potions of brilliance {unknown}
 x - a potion of haste {unknown}
 z - 4 potions of curing
 A - 5 potions of cancellation {unknown}
 F - a potion of berserk rage {unknown}
 L - 2 potions of resistance {unknown}


   Skills:
 + Level 10.3 Fighting
 * Level 15.2 Axes
 - Level 7.7 Armour
 - Level 2.4 Dodging
 - Level 1.5 Stealth
 + Level 10.0 Invocations
 - Level 4.0 Evocations


You had 10 spell levels left.
You didn't know any spells.
Your spell library contained the following spells:

 Spells                   Type           Power      Damage    Failure   Level
 Kiss of Death            Conj/Necr      0%         2d5       50%         1
 Sandblast                Erth           0%         2d4       50%         1
 Slow                     Hex            0%         N/A       50%         1
 Blink                    Tloc           0%         N/A       63%         2
 Cigotuvi's Dreadful Rot  Necr/Pois/Air  0%         N/A       63%         2
 Ensorcelled Hibernation  Hex/Ice        0%         N/A       63%         2
 Momentum Strike          Conj/Tloc      0%         3d8       63%         2
 Passwall                 Tmut/Erth      0%         N/A       63%         2
 Sublimation of Blood     Necr           0%         N/A       63%         2
 Hailstorm                Conj/Ice       0%         3d3       86%         3
 Ignite Poison            Fire/Tmut/Pois 0%         N/A       86%         3
 Lesser Beckoning         Tloc           0%         N/A       86%         3
 Swiftness                Air            0%         N/A       86%         3
 Dispel Undead            Necr           0%         3d6       99%         4
 Ice Form                 Ice/Tmut       0%         N/A       99%         4
 Passage of Golubria      Tloc           0%         N/A       99%         4
 Petrify                  Tmut/Erth      0%         N/A       99%         4
 Sticky Flame             Conj/Fire      0%         2d3       99%         4
 Irradiate                Conj/Tmut      0%         3d11      100%        5
 Iskenderun's Battlesphe  Conj           0%         2d6       100%        5
 Silence                  Hex/Air        0%         N/A       100%        5
 Death Channel            Necr           0%         N/A       100%        6
 Iron Shot                Conj/Erth      0%         9d1       100%        6
 Simulacrum               Ice/Necr       0%         N/A       100%        6
 Spellforged Servitor     Conj/Summ      0%         N/A       100%        7
 Ignition                 Fire           0%         3d3       100%        8
 Lehudib's Crystal Spear  Conj/Erth      0%         10d2      100%        8


Dungeon Overview and Level Annotations

Branches:
Dungeon (11/15)            Temple (0/1) D:5            Lair (1/5) D:11
    Orc (0/2) D:11          IceCv (1/1)

Altars:
Cheibriados
Gozag
Makhleb
Nemelex Xobeh
Okawaru
Ru
Sif Muna
Uskayaw
Wu Jian
Xom

Shops:
D:3 (   D:11 :

Annotations:
D:3 1 runed translucent door, Crazy Yiuf
D:10 exclusion: oklob sapling


Message History

The freezing wraith closely misses you. The freezing wraith hits you.
* * * LOW HITPOINT WARNING * * *
The freezing wraith drains your vigour!
You feel as though you will be slow longer.
The white ugly thing barely misses you.
Aiming: Smiting
Press: ? - help, Dir - move target, f - white ugly thing, p - freezing wraith Smite: a white ugly thing (severely wounded, ally target)
You smite the white ugly thing!!
You kill the white ugly thing!
Beogh accepts your kill.
Korbok looks more experienced.
Korbok barely misses the freezing wraith.
You block the freezing wraith's attack. The freezing wraith hits you.
* * * LOW HITPOINT WARNING * * *
Your Invocations skill increases to level 10!
You closely miss the freezing wraith.
The freezing wraith is almost destroyed.
Korbok looks encouraged for a moment.
The freezing wraith hits you but does no damage. x2
Korbok looks encouraged for a moment.
The freezing wraith closely misses you. The freezing wraith hits you.
* * * LOW HITPOINT WARNING * * *
The freezing wraith hits you but does no damage.
The freezing wraith barely misses you.
Aiming: Smiting
Press: ? - help, Dir - move target, f - freezing wraith Smite: a freezing wraith You smite the freezing wraith!!
The freezing wraith is severely damaged.
You can no longer walk on water.
You can no longer give items to your followers.
A three-headed hydra simulacrum comes into view.
Korbok barely misses the freezing wraith.
The freezing wraith closely misses you.
The freezing wraith hits you but does no damage.
The freezing wraith hits you.
* * * LOW HITPOINT WARNING * * *
The freezing wraith freezes you!!
You die...

##...............
##
##....###........#
..# #...###
###...#### Z..#
#..## ##### #...#
#...# #...###..##
#...###..##
#..W###..##
#W@o....#
###....## ######


You could see 2 freezing wraiths, a three-headed hydra simulacrum (wandering)
and the friendly Korbok the orc priest.

Vanquished Creatures
  The ghost of koil the Fighter, a journeyman OgCA of Ignis (Lair:1)
  A two-headed ogre (D:10)
  An ugly thing (IceCv)
  Maggie (D:7)
  A rime drake (Lair:1)
  A troll (D:10)
  Prince Ribbit (D:7)
  2 blink frogs (Lair:1)
  6 yaks
  A basilisk (Lair:1)
  2 steam dragons
  4 vampire mosquitoes (D:11)
  A warg (D:11)
  Edmund (D:4)
  2 water moccasins
  3 orc warriors
  A sky beast (D:7)
  3 centaurs
  3 kobold brigands
  2 bullfrogs
  A two-headed ogre simulacrum (IceCv)
  3 scorpions
  2 wights (D:9)
  An elephant simulacrum (IceCv)
  A howler monkey (D:10)
  4 hounds
  4 jellies
  A gnoll bouda (D:10)
  5 orc priests
  An iguana (D:4)
  3 orc wizards
  Ijyb (D:5)
  2 spriggan simulacra (IceCv)
  4 polar bear simulacra (IceCv)
  2 wolf simulacra (IceCv)
  6 adders
  7 gnolls
  A naga simulacrum (IceCv)
  A shadow imp (D:6)
  3 white imps
  2 worms
  A dart slug (D:5)
  17 orcs
  12 ball pythons
  5 endoplasms
  8 giant cockroaches
  10 goblins
  3 hobgoblins
  6 jackals
  22 kobolds
  2 quokkas
  5 bats
  10 rats
  A spectral goblin (D:3)
195 creatures vanquished.

Vanquished Creatures (collateral kills)
  2 two-headed ogres (D:11)
  An ugly thing (D:11)
  A black mamba (Lair:1)
  A komodo dragon (Lair:1)
  3 trolls
  2 blink frogs (Lair:1)
  2 shadows
  3 yaks
  A vampire mosquito (D:11)
  A death yak simulacrum (IceCv)
  A warg (D:11)
  2 water moccasins
  4 orc warriors
  An ogre (D:10)
  2 kobold brigands
  A gnoll sergeant (D:9)
  A necrophage (D:8)
  A cane toad simulacrum (IceCv)
  A scorpion (Lair:1)
  2 wights (D:9)
  5 killer bees
  A howler monkey (D:10)
  A jelly (D:7)
  A hound (D:10)
  3 gnoll boudas (D:10)
  An orc wizard (D:9)
  An adder (D:10)
  8 gnolls (D:10)
  An ufetubus (D:7)
  4 orcs
  4 kobolds
  3 ball pythons (D:10)
66 creatures vanquished.

Vanquished Creatures (others)
  An orc warrior (D:11)
  2 orc priests
  5 orc wizards
  18 orcs
  3 fungi
  20 plants
49 creatures vanquished.

Grand Total: 310 creatures vanquished

Notes
Turn   | Place    | Note
-------+----------+-------------------------------------------
     0 | D:1      | Muataran the Hill Orc Monk began the quest for the Orb.
     0 | D:1      | Reached XP level 1. HP: 19/19 MP: 1/1
   325 | D:1      | Reached XP level 2. HP: 27/27 MP: 2/2
  1017 | D:1      | Reached skill level 5 in Axes
  1057 | D:2      | Reached XP level 3. HP: 30/33 MP: 3/3
  1281 | D:2      | Identified the +6 ring mail "Ymamul" {+Inv rN+}
  1731 | D:2      | Reached XP level 4. HP: 12/41 MP: 4/4
  1830 | D:2      | Reached skill level 1 in Armour
  2258 | D:3      | Found Jacodacw's Weapon Emporium.
  2472 | D:3      | Found a faded altar of an unknown god.
  2516 | D:3      | Found a faded altar of an unknown god.
  2556 | D:3      | Became a worshipper of Beogh the Brigand
  2556 | D:3      | Reached * piety under Beogh
  2556 | D:3      | Reached ** piety under Beogh
  2665 | D:3      | Found a runed translucent door.
  2666 | D:3      | Noticed Crazy Yiuf
  2775 | D:3      | Reached skill level 6 in Axes
  2929 | D:3      | Got Esuifue's Starting Magic
  2973 | D:3      | Found Jacodacw's Weapon Emporium.
  3004 | D:3      | Found a faded altar of an unknown god.
  3114 | D:3      | Found a faded altar of an unknown god.
  3297 | D:3      | Found a runed translucent door.
  3389 | D:4      | Noticed a water moccasin
  3406 | D:4      | Killed a water moccasin
  3407 | D:4      | Reached skill level 1 in Invocations
  3407 | D:4      | Reached skill level 1 in Evocations
  3407 | D:4      | Reached XP level 5. HP: 16/47 MP: 2/6
  3593 | D:4      | Noticed a +0 dagger
  3594 | D:4      | Noticed a +0 dagger
  3595 | D:4      | Noticed a +0 short sword
  3595 | D:4      | Noticed a +0 falchion
  3595 | D:4      | Noticed a +0 spear
  3596 | D:4      | Noticed a +0 falchion
  3596 | D:4      | Noticed a +0 spear
  3597 | D:4      | Noticed a +0 short sword
  3598 | D:4      | Found a hide-covered altar of Uskayaw.
  3687 | D:4      | Found a shimmering altar of Xom.
  3690 | D:4      | Found a shimmering altar of Xom.
  3690 | D:4      | Found a shimmering altar of Xom.
  3690 | D:4      | Found a shimmering altar of Xom.
  3690 | D:4      | Found a shimmering altar of Xom.
  3731 | D:4      | Found a shimmering altar of Xom.
  3731 | D:4      | Found a shimmering altar of Xom.
  3731 | D:4      | Found a shimmering altar of Xom.
  3801 | D:4      | Reached XP level 6. HP: 49/55 MP: 7/7
  3893 | D:4      | Noticed Edmund
  3906 | D:4      | Killed Edmund
  3907 | D:4      | Reached skill level 5 in Fighting
  3907 | D:4      | Reached skill level 7 in Axes
  4153 | D:3      | Found a snail-covered altar of Cheibriados.
  4344 | D:4      | Noticed a steam dragon
  4371 | D:4      | Killed a steam dragon
  4372 | D:4      | Reached XP level 7. HP: 6/61 MP: 7/9
  4744 | D:5      | Entered Level 5 of the Dungeon
  5058 | D:5      | Reached skill level 8 in Axes
  5100 | D:5      | Found a staircase to the Ecumenical Temple.
  5598 | D:5      | Noticed Ijyb
  5607 | D:5      | Paralysed by Ijyb for 4 turns
  5617 | D:5      | Killed Ijyb
  5711 | D:6      | Reached XP level 8. HP: 68/70 MP: 10/10
  5929 | D:6      | Reached *** piety under Beogh
  6416 | D:6      | Reached skill level 9 in Axes
  6750 | D:7      | Found a sparkling altar of Nemelex Xobeh.
  6798 | D:7      | Noticed Maggie
  6832 | D:7      | Killed Maggie
  6833 | D:7      | Reached skill level 5 in Invocations
  6841 | D:7      | Found a sacrificial altar of Ru.
  6857 | D:7      | Reached XP level 9. HP: 78/78 MP: 12/12
  7073 | D:7      | Reached skill level 10 in Axes
  7126 | D:7      | Noticed a troll
  7132 | D:7      | Killed a troll
  7295 | D:7      | Reached skill level 5 in Armour
  7302 | D:7      | Noticed Prince Ribbit
  7350 | D:7      | Killed Prince Ribbit
  7931 | D:8      | Found an opulent altar of Gozag.
  8438 | D:9      | Reached **** piety under Beogh
  8439 | D:9      | Reached skill level 11 in Axes
  8444 | D:9      | Found an iron altar of Okawaru.
  8666 | D:9      | Found a burning altar of Makhleb.
  8862 | D:9      | Reached XP level 10. HP: 80/88 MP: 15/15
  8926 | D:9      | Reached skill level 12 in Axes
  9216 | D:10     | Entered Level 10 of the Dungeon
  9924 | D:10     | Found an ornate altar of the Wu Jian Council.
  9993 | D:10     | Noticed a two-headed ogre
 10001 | D:10     | Killed a two-headed ogre
 10129 | D:10     | Found a shimmering blue altar of Sif Muna.
 10731 | D:10     | Reached skill level 13 in Axes
 11294 | D:11     | Noticed a two-headed ogre
 11299 | D:11     | Killed a two-headed ogre
 11412 | D:11     | Identified the +6 long sword "Nyntir" {vorpal, Str+2}
 11421 | D:11     | Found a staircase to the Orcish Mines.
 11473 | D:11     | Found a staircase to the Lair.
 11473 | D:11     | Noticed a cyan ugly thing
 11482 | D:11     | Killed a cyan ugly thing
 11626 | D:11     | Reached XP level 11. HP: 91/97 MP: 17/17
 11937 | D:11     | Found Ihiodako's Self-Improvement Boutique.
 12023 | D:11     | Noticed a two-headed ogre
 12030 | D:11     | Killed a two-headed ogre
 12031 | D:11     | Reached skill level 14 in Axes
 12471 | Lair:1   | Entered Level 1 of the Lair of Beasts
 12502 | Lair:1   | Identified 2 scrolls of acquirement
 12502 | Lair:1   | Acquired the +3 pair of gauntlets of War {Slay+5}
 12502 | Lair:1   | Found the +3 pair of gauntlets of War {Slay+5}
 12514 | Lair:1   | Acquired a manual of Dodging
 12588 | Lair:1   | Reached skill level 10 in Fighting
 12589 | Lair:1   | Reached ***** piety under Beogh
 12666 | Lair:1   | Found a runed translucent door.
 12668 | Lair:1   | Noticed koil's ghost (journeyman OgCA)
 12697 | Lair:1   | Killed koil's ghost
 12698 | Lair:1   | Reached skill level 15 in Axes
 12851 | Lair:1   | Found a frozen archway.
 12863 | IceCv    | Entered an ice cave
 12867 | IceCv    | Gained Korbok as an ally
 13076 | IceCv    | Noticed a white ugly thing
 13086 | IceCv    | Killed a white ugly thing
 13087 | IceCv    | Reached skill level 10 in Invocations
 13088 | IceCv    | Slain by a freezing wraith

Illustrated notes

Levels and vault maps discovered:
D:1:      nagdon_arrival_double_spiral, layout_basic
D:2:      layout_basic, minmay_distorted
D:3:      layout_rooms, nicolae_overflow_ecumenical_swirl, serial_shops, shop,
          dreamdust_ecumenical_altar_drowned_temple, minmay_misc_feat_plants,
          kennysheep_generic_room_15, uniq_crazy_yiuf_cottage
D:4:      layout_basic, xom_redecorated, nicolae_uskayaw_en_pointe,
          corexii_shack, hangedman_abyss_or_decor_lesser_grid, uniq_edmund
D:5:      layout_basic, minmay_temple_entry_antechambers,
          nicolae_zen_rock_garden, uniq_ijyb
D:6:      layout_gridville, corexii_hall_statues_x, minmay_liquid_box,
          small_statue_alley_b, minivault_27
D:7:      layout_loops_ring, mainiacjoe_overflow_catwalk_spiral, uniq_maggie,
          uniq_prince_ribbit1
D:8:      layout_basic, nicolae_gozag_seed_capital
D:9:      layout_basic, chequers_temple_overflow_statue_of_worship
D:10:     kennysheep_seaside_town, layout_basic, old_standard_altar,
          mainiacjoe_overflow_six_doors_small, introduction_to_nature_2
D:11:     layout_gridville, erik_lair_orcish_takeover, orc_0_dummy,
          nicolae_shop_self_help
Lair:1:   layout_long_grid, portal_ice_cave_entry_pillars_1,
          ebering_ghost_inner_flame, uniq_joseph
IceCv:    ice_cave_small_necro

Skill      XL: |  1  2  3  4  5  6  7  8  9 10 11 |
---------------+----------------------------------+-----
Fighting       | 4 5 6 8 9 10 | 10.3
Axes           | 5 6 7 8 9 11 13 15 | 15.2
Armour         | 2 3 4 6 7 |  7.7
Invocations    | 1 2 3 5 6 8 10 | 10.0
Evocations     | 1 2 3 4 |  4.0
Dodging        | |  2.4
Stealth        | |  1.5

Action                   |  1- 3 |  4- 6 |  7- 9 | 10-12 || total
-------------------------+-------+-------+-------+-------++-------
Melee: Hand axe          |   127 |   133 |       |       ||   260
       Punch             |     1 |     2 |     2 |     1 ||     6
       War axe           |       |    68 |   181 |       ||   249
       Broad axe         |       |       |    79 |   200 ||   279
Invok: Smiting           |       |     1 |     3 |     5 ||     9
       Convert to Beogh  |       |     1 |       |       ||     1
       Recall Orcish Fol |       |       |       |     2 ||     2
Evoke: Wand              |       |       |     2 |       ||     2
  Use: Scroll            |       |     9 |       |     8 ||    17
       Potion            |       |     3 |       |       ||     3
 Stab: Paralysed         |       |       |     7 |       ||     7
       Distracted        |       |       |       |     3 ||     3
Armor: Scale mail        |    44 |       |       |       ||    44
       Robe              |     2 |       |       |       ||     2
       Ring mail         |    25 |    85 |   124 |    92 ||   326
       Skin              |       |     6 |       |       ||     6
Dodge: Dodged            |    86 |   114 |   134 |   153 ||   487
Block: Other             |       |       |       |    13 ||    13

Table legend: (Time is in decaauts)
 A = Elapsed time spent in this place.
 B = Non-inter-level travel time spent in this place.
 C = Inter-level travel time spent in this place.
 D = Time resting spent in this place.
 E = Time spent auto-exploring this place.
 F = Levels seen in this place.
 G = Mean time per level.
                   A        B        C        D        E       F      G
               +--------+--------+--------+--------+--------+-----+--------+
         Total |  13135 |  12784 |    351 |   3131 |   7043 |  13 | 1010.4 |
       Dungeon |  12523 |  12172 |    351 |   2936 |   6854 |  11 | 1138.5 |
          Lair |    388 |    388 |      0 |     34 |    189 |   1 |  388.0 |
      Ice Cave |    223 |    223 |      0 |    161 |      0 |   1 |  223.0 |
               +--------+--------+--------+--------+--------+-----+--------+

Top non-repeatable levels by time:
     D:4: 1414 daAuts
    D:11: 1358 daAuts
     D:1: 1304 daAuts
     D:9: 1239 daAuts
    D:10: 1234 daAuts
     D:8: 1074 daAuts
     D:3: 1063 daAuts
     D:6: 1024 daAuts
     D:2: 995 daAuts
     D:5: 942 daAuts
     D:7: 871 daAuts
  Lair:1: 388 daAuts
   IceCv: 223 daAuts
